 Dungeon Crawl Stone Soup version 0.29.1-15-g9cfb28693d (webtiles) character file.

Game seed: 3546341110612132027

97903 Eitelfritz the Severer (level 16, -4/136 HPs)
             Began as a Hill Orc Fighter on Apr 23, 2023.
             Was the Champion of Hepliaklqana.
             Slain by a spark wasp (17 damage)
             ... on level 3 of the Lair of Beasts.
             The game lasted 01:11:27 (21940 turns).

Eitelfritz the Severer (Hill Orc Fighter)          Turns: 21940, Time: 01:11:28

Health: -4/136     AC: 20    Str: 25    XL:     16   Next: 20%
Magic:  23/23      EV: 14    Int: 13    God:    Hepliaklqana [******]
Gold:   1866       SH:  9    Dex: 10    Spells: 15/15 levels left

rFire   + . .      SeeInvis +   a - +5 war axe (freeze)
rCold   . . .      Faith    .   c - +3 buckler
rNeg    . . .      Spirit   .   A - +3 troll leather armour
rPois   +          Reflect  .   d - +2 hat {Int+3}
rElec   .          Harm     .   O - +2 cloak
rCorr   .          Rampage  .   J - +2 pair of gloves
Will    +....                   u - +2 pair of boots
Stlth   +++.......              V - amulet of the acrobat
HPRegen 1.12/turn               y - ring of the Unkillable {rPois rF+}
MPRegen 0.18/turn               S - ring of see invisible

@: no status effects
A: reduced essence
a: Renounce Religion, Recall Ancestor, Ancestor Identity, Transference, Idealise


You were on level 3 of the Lair of Beasts.
You worshipped Hepliaklqana.
Hepliaklqana was exalted by your worship.
You visited 5 branches of the dungeon, and saw 23 of its levels.

You collected 2311 gold pieces.
You spent 445 gold pieces at shops.

Inventory:

Hand Weapons
 a - a +5 war axe of freezing (weapon)
 b - a +0 morningstar
 Y - a +6 war axe of protection
Missiles
 m - 3 atropa-tipped darts (quivered)
 q - 3 javelins
 D - 8 curare-tipped darts
 G - 5 throwing nets
 T - 5 datura-tipped darts
 W - 11 boomerangs of dispersal
Armour
 c - a +3 buckler (worn)
 d - a +2 hat of intelligence (worn)
 u - a +2 pair of boots (worn)
 A - a +3 troll leather armour (worn)
 J - a +2 pair of gloves (worn)
 O - a +2 cloak (worn)
 Q - a +2 plate armour of cold resistance
Jewellery
 j - a ring of ice
 y - the ring of the Unkillable (left hand) {rPois rF+}
   (You acquired it on level 9 of the Dungeon)

   [ring of protection from fire]

   rF:        It protects you from fire.
   rPois:     It protects you from poison.
 z - a ring of resist corrosion
 S - a ring of see invisible (right hand)
 V - an amulet of the acrobat (around neck)
Wands
 o - a wand of flame (18)
 w - a wand of iceblast (8)
 E - a wand of polymorph (10)
 I - a wand of digging (15)
 M - a wand of charming (11)
 P - a wand of mindburst (20)
Scrolls
 h - 5 scrolls of teleportation
 v - a scroll of blinking
 x - 4 scrolls of magic mapping
 C - 4 scrolls of fog
 F - 3 scrolls of fear
 H - a scroll of amnesia
 K - 2 scrolls of silence
 L - 11 scrolls of identify
 Z - a scroll of poison
Potions
 e - a potion of resistance
 f - 5 potions of cancellation
 g - 12 potions of curing
 i - 6 potions of haste
 k - 4 potions of flight
 l - 6 potions of brilliance
 n - 2 potions of might
 r - 4 potions of berserk rage
 s - a potion of magic
 t - a potion of ambrosia
 B - 2 potions of invisibility
Miscellaneous
 X - a piece from Xom's chessboard (15/15)


   Skills:
 + Level 16.4 Fighting
 + Level 19.8(20.0) Axes
 + Level 3.4(11.6) Maces & Flails
 + Level 1.4 Throwing
 + Level 9.0 Armour
 + Level 9.1 Dodging
 + Level 7.2 Stealth
 + Level 11.5 Shields
 * Level 10.6 Invocations


You had 15 spell levels left.
You didn't know any spells.
Your spell library contained the following spells:

 Spells                   Type           Power      Damage    Failure   Level
 Apportation              Tloc           0%         N/A       38%         1
 Foxfire                  Conj/Fire      0%         2x1d4     38%         1
 Magic Dart               Conj           0%         1d3       38%         1
 Necrotise                Necr           0%         1d4       38%         1
 Slow                     Hex            0%         N/A       38%         1
 Summon Small Mammal      Summ           0%         N/A       38%         1
 Ensorcelled Hibernation  Hex/Ice        0%         N/A       52%         2
 Passwall                 Tmut/Erth      0%         N/A       52%         2
 Confusing Touch          Hex            0%         N/A       77%         3
 Conjure Flame            Conj/Fire      0%         6-21      77%         3
 Ignite Poison            Fire/Tmut/Pois 0%         N/A       77%         3
 Inner Flame              Hex/Fire       0%         N/A       77%         3
 Ozocubu's Armour         Ice            0%         N/A       77%         3
 Summon Guardian Golem    Hex/Summ       0%         N/A       77%         3
 Swiftness                Air            0%         N/A       77%         3
 Tukima's Dance           Hex            0%         N/A       77%         3
 Vampiric Draining        Necr           0%         2d6       77%         3
 Cause Fear               Hex            0%         N/A       99%         4
 Flame Wave               Conj/Fire      0%         2d4       99%         4
 Passage of Golubria      Tloc           0%         N/A       99%         4
 Petrify                  Tmut/Erth      0%         N/A       99%         4
 Sticky Flame             Conj/Fire      0%         2d3       99%         4
 Alistair's Intoxication  Tmut/Pois      0%         N/A       100%        5
 Borgnjor's Vile Clutch   Necr/Erth      0%         N/A       100%        5
 Fireball                 Conj/Fire      0%         3d3       100%        5
 Iskenderun's Battlesphe  Conj           0%         2d6       100%        5
 Metabolic Englaciation   Hex/Ice        0%         N/A       100%        5
 Yara's Violent Unravell  Hex/Tmut       0%         3d3       100%        5
 Conjure Ball Lightning   Conj/Air       0%         3x3d6     100%        6
 Eringya's Noxious Bog    Tmut/Pois      0%         N/A       100%        6
 Simulacrum               Ice/Necr       0%         N/A       100%        6
 Statue Form              Tmut/Erth      0%         N/A       100%        6
 Enfeeble                 Hex            0%         N/A       100%        7
 Orb of Destruction       Conj           0%         9d5       100%        7
 Spellforged Servitor     Conj/Summ      0%         N/A       100%        7
 Discord                  Hex            0%         N/A       100%        8


Dungeon Overview and Level Annotations

Branches:
Dungeon (14/15)            Temple (1/1) D:7            Lair (5/5) D:9
  Swamp (0/4) Lair:2       Spider (1/4) Lair:3        Slime (0/5) Lair:5
    Orc (2/2) D:9             Elf (0/3) Orc:2        Vaults (0/5) D:14

Altars:
Ashenzari
Cheibriados
Dithmenos
Elyvilon
Fedhas
Gozag
Hepliaklqana
Kikubaaqudgha
Makhleb
Nemelex Xobeh
Okawaru
Qazlal
Ru
Sif Muna
Trog
Uskayaw
Vehumet
Wu Jian
Xom
Yredelemnul
Zin
The Shining One
Beogh
Lugonu

Shops:
D:2 [[*   D:3 *:   D:4 *   Orc:2 :([!

Portals:
Abyss: Lair:5


Message History

The wolf spider simulacrum misses Simosihle.
The wolf spider simulacrum bites Simosihle!
The wolf spider simulacrum freezes Simosihle!
Simosihle resists.
Simosihle hits the wolf spider simulacrum with a +0 quarterstaff!!
The spark wasp stings you! The spark wasp shocks you!
The wolf spider simulacrum hits Simosihle!
The wolf spider simulacrum freezes Simosihle!
Simosihle resists.
Simosihle is destroyed!
You block the spark wasp's attack.
You climb upwards.
Welcome back to the Lair of Beasts!
There is a hole to the Spider Nest, spattered with blood here.
You see here a tarantella corpse.
You closely miss the spark wasp.
The spark wasp is lightly wounded.
The spark wasp stings you. The spark wasp shocks you!
You slice the spark wasp!! You freeze the spark wasp!
The spark wasp is heavily wounded.
The spark wasp barely misses you.
You slice the spark wasp!! You freeze the spark wasp!
The spark wasp is almost dead.
You block the spark wasp's attack.
You closely miss the spark wasp.
The spark wasp is almost dead.
The spark wasp closely misses you.
You barely miss the spark wasp.
The spark wasp is almost dead.
The spark wasp stings you!!
* * * LOW HITPOINT WARNING * * *
The spark wasp shocks you!
* * * LOW HITPOINT WARNING * * *
Okay, then.
Unknown command.
You hit the spark wasp. You freeze the spark wasp.
The spark wasp is almost dead.
The spark wasp stings you.
* * * LOW HITPOINT WARNING * * *
The spark wasp shocks you!
You die...

...................#...####
...........###............#
.........÷#####.#.###...#.#
........÷..#.########..^.##
............####..#^###.^#
..............##...^....###
..............##'≈≈≈.#.#..#
........>....###†y≈≈......#
..............##@^≈..#^.^##
.............##^††≈.^###.#
.............P##'≈≈≈.^...##
.............##....^.#....#
........#.#.######.####..###
...........##..#####..R....#
..........####...###^...#P##
........................###
.........................P##


You could see a spark wasp (soul bound).

Vanquished Creatures
  Gastronok (D:8)
  A spark wasp (Spider:1)
  Erolcha (D:13)
  4 hydras
  3 boulder beetles
  A radroach (Spider:1)
  A catoblepas (Lair:4)
  6 centaur warriors
  A satyr (shapeshifter) (D:13)
  5 death yaks (Lair:3)
  5 two-headed ogres
  4 orc high priests
  A thrashing horror (Lair:5)
  A pharaoh ant (Spider:1)
  3 skeletal warriors (D:13)
  2 steelbarb worms (Spider:1)
  2 orb spiders
  A swamp dragon (shapeshifter) (Lair:5)
  2 wolf spiders (Spider:1)
  6 ugly things
  2 deep elf pyromancers (D:14)
  An oklob plant (Lair:5)
  Joseph (D:8)
  A moth of wrath (Spider:1)
  A manticore (D:14)
  Maurice (D:8)
  4 cyclopes
  3 black mambas (Lair:5)
  A guardian serpent (shapeshifter) (D:13)
  Maggie (D:6)
  6 cane toads
  2 gargoyles
  An unseen horror (D:13)
  2 rime drakes
  6 demonic crawlers
  A komodo dragon (Lair:1)
  A rime drake (shapeshifter) (D:13)
  An efreet (D:13)
  An ancient zyme (Lair:5)
  5 trolls
  2 meliai (D:13)
  3 hornets
  A meliai (shapeshifter) (D:14)
  Grinder (D:6)
  6 tarantellas
  14 blink frogs
  8 dream sheep
  8 small abominations (Lair:5)
  8 slime creatures
  A culicivora (Lair:3)
  A spriggan (shapeshifter) (D:13)
  2 vampires
  33 yaks
  A hog (shapeshifter) (D:13)
  7 wyverns
  3 basilisks
  2 redbacks (Spider:1)
  2 steam dragons
  6 vampire mosquitoes
  Eustachio (D:5)
  Menkaure (D:5)
  A large abomination (Lair:5)
  A water moccasin (shapeshifter) (D:14)
  A swamp worm (Lair:2)
  5 water moccasins
  2 acid dragons (D:11)
  Duvessa (D:4)
  9 orc warriors
  A black bear (D:5)
  2 sky beasts
  An ice beast (D:6)
  2 ogres
  7 wolves
  7 centaurs
  A phantom (D:7)
  3 lemures (D:9)
  A kobold brigand (D:7)
  11 bullfrogs
  A scorpion (D:4)
  A necrophage (D:5)
  2 gnoll sergeants
  7 wights
  Dowan (D:4)
  10 killer bees (D:9)
  4 electric eels
  7 howler monkeys
  3 gnoll boudas
  7 hounds
  11 orc priests
  2 iguanas
  Natasha (thrice) (D:4)
  20 orc wizards
  5 hell rats (Lair:2)
  21 gnolls
  12 river rats (Lair:2)
  9 adders
  3 shadow imps
  A white imp (D:7)
  2 dart slugs
  55 orcs
  8 ball pythons
  6 endoplasms
  7 giant cockroaches
  10 goblins
  9 hobgoblins
  8 jackals
  17 kobolds
  6 quokkas
  5 bats
  6 frilled lizards
  14 rats
  2 bushes
545 creatures vanquished.

Vanquished Creatures (collateral kills)
  A dire elephant (Lair:4)
  3 hydras
  Harold (Orc:1)
  4 two-headed ogres
  A centaur warrior (D:13)
  A death yak (Lair:4)
  A thrashing horror (Lair:5)
  An orc high priest (Orc:1)
  A skeletal warrior (D:13)
  5 orb spiders
  Pikel (D:9)
  A lindwurm (Lair:5)
  4 wolf spiders
  An orc sorcerer (Orc:2)
  An ugly thing (D:12)
  A deep elf pyromancer (D:13)
  A moth of wrath (Lair:3)
  2 oklob plants
  An elephant (Lair:4)
  2 black mambas
  A cane toad (Lair:4)
  2 smoke demons (Lair:5)
  2 unseen horrors
  2 rime drakes
  A komodo dragon (Lair:2)
  A tengu conjurer (D:13)
  An ancient zyme (Lair:5)
  A meliai (D:13)
  3 trolls
  A polar bear (Lair:4)
  6 tarantellas
  4 slime creatures
  4 dream sheep
  11 blink frogs
  A jumping spider (Spider:1)
  2 dream sheep (shapeshifter) (Lair:5)
  A shadow (D:9)
  A ynoxinul (Lair:5)
  A culicivora (Spider:1)
  A vampire (D:11)
  2 wyverns
  A spriggan (Lair:5)
  A wraith (D:13)
  9 yaks
  A chaos spawn (Lair:5)
  3 basilisks
  A redback (Spider:1)
  An acid dragon (D:12)
  2 swamp worms (Lair:2)
  4 water moccasins
  A floating eye (shapeshifter) (D:14)
  5 small abominations (Lair:5)
  3 orc warriors
  2 ogres
  5 wolves
  2 centaurs (D:14)
  2 kobold brigands
  A bullfrog (Lair:4)
  A scorpion (Lair:2)
  An electric eel (D:9)
  A hound (D:9)
  10 orc priests
  An iguana (Lair:2)
  14 orc wizards
  4 hell rats (Lair:2)
  3 river rats (Lair:2)
  17 orcs
  A quokka (Lair:2)
  A kobold (D:9)
  A rat (Lair:2)
182 creatures vanquished.

Vanquished Creatures (others)
  12 battlemagi
  5 ancestors
  22 fungi
  80 plants
  7 toadstools
126 creatures vanquished.

Grand Total: 853 creatures vanquished

Notes
Turn   | Place    | Note
-------+----------+-------------------------------------------
     0 | D:1      | Eitelfritz the Hill Orc Fighter began the quest for the
                  | Orb.
     0 | D:1      | Reached XP level 1. HP: 19/19 MP: 1/1
    78 | D:1      | Reached skill level 3 in Axes
    78 | D:1      | Reached XP level 2. HP: 14/27 MP: 2/2
   285 | D:1      | Reached XP level 3. HP: 28/33 MP: 3/3
   556 | D:1      | Found a faded altar of an unknown god.
  1150 | D:2      | Found Paipn's Antique Armour Emporium.
  1267 | D:2      | Found Ixifiut's Antique Armour Boutique.
  1370 | D:2      | Reached XP level 4. HP: 40/40 MP: 4/4
  1427 | D:2      | Found Duobuemm's Assorted Antiques.
  1436 | D:2      | Bought a golden potion for 17 gold pieces
  1436 | D:2      | Bought a puce potion for 17 gold pieces
  1436 | D:2      | Bought a scroll labelled LYOSEL VOIFOHINT for 19 gold
                  | pieces
  1436 | D:2      | Bought a metallic silvery potion for 17 gold pieces
  1436 | D:2      | Bought a sapphire potion for 17 gold pieces
  1436 | D:2      | Bought a clear potion for 17 gold pieces
  1436 | D:2      | Bought a black potion for 17 gold pieces
  1510 | D:2      | Reached skill level 4 in Axes
  1886 | D:3      | Found Nyheceg's General Store.
  2052 | D:3      | Found an ancient bone altar of Kikubaaqudgha.
  2052 | D:3      | Found a shimmering blue altar of Sif Muna.
  2054 | D:3      | Found a radiant altar of Vehumet.
  2059 | D:3      | Got Vehumet's Almanac of Loss
  2267 | D:3      | Found Joikki Heneh's Book Boutique.
  2416 | D:3      | Reached XP level 5. HP: 47/47 MP: 5/5
  2667 | D:4      | Reached skill level 1 in Dodging
  2842 | D:4      | Reached skill level 5 in Axes
  2852 | D:4      | Reached XP level 6. HP: 28/53 MP: 6/6
  3004 | D:4      | Reached skill level 6 in Axes
  3083 | D:4      | Noticed Natasha
  3090 | D:4      | Killed Natasha
  3173 | D:4      | Noticed Natasha
  3179 | D:4      | Killed Natasha
  3213 | D:4      | Noticed Natasha
  3221 | D:4      | Killed Natasha
  3372 | D:4      | Noticed Dowan
  3374 | D:4      | Noticed Duvessa
  3404 | D:4      | Killed Duvessa
  3405 | D:4      | Reached skill level 1 in Stealth
  3405 | D:4      | Reached XP level 7. HP: 11/60 MP: 7/7
  3409 | D:4      | Killed Dowan
  3650 | D:4      | Found Suiroh's Assorted Antiques.
  3659 | D:4      | Bought a scroll labelled GOMUJI USMIEDGH for 28 gold pieces
  3659 | D:4      | Bought a scroll labelled SOAWIOLLASCH for 28 gold pieces
  3659 | D:4      | Bought a scroll labelled CODAJE KAOTIU for 28 gold pieces
  3842 | D:5      | Entered Level 5 of the Dungeon
  3866 | D:5      | Reached skill level 7 in Axes
  3887 | D:5      | Noticed Menkaure
  3899 | D:5      | Killed Menkaure
  4073 | D:5      | Reached skill level 5 in Armour
  4173 | D:5      | Noticed Eustachio
  4190 | D:5      | Reached skill level 5 in Fighting
  4190 | D:5      | Reached skill level 8 in Axes
  4190 | D:5      | Reached XP level 8. HP: 57/68 MP: 8/8
  4193 | D:5      | Killed Eustachio
  4765 | D:6      | Reached skill level 9 in Axes
  4765 | D:6      | Noticed Grinder
  4767 | D:6      | Reached skill level 5 in Shields
  4797 | D:6      | Killed Grinder
  4856 | D:6      | Found a hazy altar of Hepliaklqana.
  4868 | D:6      | Became a worshipper of Hepliaklqana the Forgotten
  5195 | D:6      | Reached skill level 10 in Axes
  5195 | D:6      | Reached XP level 9. HP: 20/75 MP: 9/9
  5510 | D:6      | Noticed Maggie
  5526 | D:6      | Killed Maggie
  5782 | D:6      | Reached skill level 11 in Axes
  6032 | D:7      | Found a staircase to the Ecumenical Temple.
  6049 | Temple   | Entered the Ecumenical Temple
  6278 | D:7      | Found a stormy altar of Qazlal.
  6436 | D:7      | Reached skill level 12 in Axes
  7117 | D:8      | Noticed a hornet
  7126 | D:8      | Killed a hornet
  7127 | D:8      | Reached XP level 10. HP: 74/86 MP: 10/10
  7143 | D:8      | Noticed Joseph
  7160 | D:8      | Killed Joseph
  7161 | D:8      | Reached skill level 13 in Axes
  7208 | D:8      | Noticed Maurice
  7220 | D:8      | Killed Maurice
  7315 | D:8      | Reached * piety under Hepliaklqana
  7319 | D:8      | Noticed Gastronok
  7338 | D:8      | Killed Gastronok
  7339 | D:8      | Reached skill level 14 in Axes
  7784 | D:8      | Found a runed translucent door.
  7876 | D:8      | Found a roughly hewn altar of Beogh.
  8050 | D:2      | Bought an embroidered cloak for 150 gold pieces
  8065 | D:2      | Bought a pair of gloves for 90 gold pieces
  8244 | D:9      | Found a staircase to the Orcish Mines.
  8247 | D:9      | Found a staircase to the Lair.
  8278 | D:9      | Reached XP level 11. HP: 22/85 MP: 11/11
  8344 | D:9      | Noticed Pikel
  8357 | D:9      | Killed Pikel
  8358 | D:9      | Reached skill level 15 in Axes
  8691 | D:9      | Found an iron altar of Okawaru.
  8876 | D:9      | Found a sparkling altar of Nemelex Xobeh.
  9009 | D:9      | Identified a scroll of acquirement
  9009 | D:9      | Acquired the ring of the Unkillable {rPois rF+}
  9050 | D:10     | Entered Level 10 of the Dungeon
  9130 | D:10     | Paralysed by a hornet for 1 turns
  9159 | D:10     | Reached skill level 5 in Dodging
  9199 | D:10     | Reached skill level 16 in Axes
  9608 | D:10     | Found a bloodstained altar of Trog.
  9731 | D:10     | Noticed a boulder beetle
  9845 | D:10     | Killed a boulder beetle
  9846 | D:10     | Reached skill level 10 in Fighting
  9873 | D:10     | Reached ** piety under Hepliaklqana
  9898 | D:10     | Noticed a cyclops
  9899 | D:10     | Remembered your ancestor Simosihle as a battlemage
  9904 | D:10     | Killed a cyclops
  9905 | D:10     | Reached XP level 12. HP: 88/95 MP: 12/12
 10042 | D:10     | Found a snail-covered altar of Cheibriados.
 10763 | D:11     | Noticed a two-headed ogre
 10768 | D:11     | Killed a two-headed ogre
 10769 | D:11     | Reached skill level 1 in Throwing
 11075 | D:11     | Found an ornate altar of the Wu Jian Council.
 11438 | D:12     | Noticed a two-headed ogre
 11445 | D:12     | Killed a two-headed ogre
 11569 | D:12     | Reached *** piety under Hepliaklqana
 11591 | D:12     | Reached skill level 17 in Axes
 11671 | D:12     | Noticed a two-headed ogre
 11679 | D:12     | Killed a two-headed ogre
 11705 | D:12     | Noticed a two-headed ogre
 11713 | D:12     | Killed a two-headed ogre
 11913 | D:12     | Noticed a two-headed ogre
 11920 | D:12     | Killed a two-headed ogre
 12340 | D:13     | Noticed Erolcha
 12346 | D:13     | Killed Erolcha
 12416 | D:13     | Noticed a two-headed ogre
 12423 | D:13     | Killed a two-headed ogre
 12512 | D:13     | Reached XP level 13. HP: 103/106 MP: 13/13
 12566 | D:13     | Reached skill level 5 in Stealth
 13054 | D:13     | Reached skill level 18 in Axes
 13429 | D:13     | Reached **** piety under Hepliaklqana
 13513 | D:13     | Reached skill level 1 in Invocations
 13772 | D:14     | Found a gate to the Vaults.
 13867 | D:14     | Reached XP level 14. HP: 117/117 MP: 16/16
 14578 | Orc:1    | Entered Level 1 of the Orcish Mines
 14578 | Orc:1    | Noticed Harold
 14585 | Orc:1    | Killed Harold
 14586 | Orc:1    | Reached skill level 10 in Shields
 14885 | Lair:1   | Entered Level 1 of the Lair of Beasts
 14948 | Lair:1   | Reached skill level 5 in Invocations
 15222 | Lair:1   | Reached ***** piety under Hepliaklqana
 16331 | Lair:2   | Reached skill level 1 in Maces & Flails
 16528 | Lair:2   | Found a staircase to the Swamp.
 17163 | Lair:3   | Found a hole to the Spider Nest.
 17434 | Lair:3   | Reached skill level 19 in Axes
 17744 | Lair:4   | Reached XP level 15. HP: 103/125 MP: 20/20
 17941 | Lair:4   | Reached skill level 15 in Fighting
 17978 | Lair:4   | Reached ****** piety under Hepliaklqana
 18423 | Lair:4   | Found a runed translucent door.
 18789 | Lair:5   | Entered Level 5 of the Lair of Beasts
 19740 | Lair:5   | Found a staircase to the Slime Pits.
 19951 | Lair:5   | Identified the +2 robe "Cikkedgh" {rPois rC- rN+ Str+6}
 20031 | Lair:5   | Found a one-way gate to the infinite horrors of the Abyss.
 20051 | Lair:5   | Found a corrupted altar of Lugonu.
 20545 | Orc:2    | Entered Level 2 of the Orcish Mines
 21051 | Orc:2    | Found a staircase to the Elven Halls.
 21079 | Orc:2    | Found Dawnoqif's Book Shop.
 21079 | Orc:2    | Found Loliv's Armour Boutique.
 21080 | Orc:2    | Found Yskodel's Distillery.
 21084 | Orc:2    | Found Omodgh's Weapon Shop.
 21447 | Spider:1 | Entered Level 1 of the Spider Nest
 21519 | Spider:1 | Reached skill level 10 in Invocations
 21575 | Spider:1 | Reached XP level 16. HP: 77/135 MP: 23/23
 21940 | Lair:3   | Slain by a spark wasp

Illustrated notes

Levels and vault maps discovered:
D:1:      dpeg_arrival_solitude, layout_rooms,
          shapermc_ecumenical_altar_mp_urbaneastern, serial_forest,
          infiniplex_forest_lined_3_way, infiniplex_forest_straight_2,
          infiniplex_forest_clump_large, infiniplex_forest_clump_double,
          infiniplex_forest_straight_2, infiniplex_forest_end_double,
          infiniplex_forest_straight_5, infiniplex_forest_clump_curved,
          infiniplex_forest_clump_tiny
D:2:      layout_rooms, serial_shops, nicolae_shop_competitors_out_of_business,
          shop_fountains, nicolae_shop_waterfront
D:3:      minmay_angry_zag, layout_loops_ring,
          grunt_temple_overflow_magic_moments, serial_shops,
          nicolae_shop_behind_doors, shop, mrwooster_statue_mirror
D:4:      minmay_opposing_rooms, layout_rooms, serial_shops, shop_fountains,
          uniq_natasha, uniq_duvessa
D:5:      layout_rooms, uniq_eustachio, uniq_menkaure
D:6:      layout_loops_ring, mainiacjoe_overflow_chevrons, uniq_grinder,
          uniq_maggie
D:7:      layout_gridville, marbit_many_paths, minmay_temple_entry_offerings,
          minmay_misc_feat_more_columns, minmay_gold_behind_fungi
D:8:      layout_loops_cross, lightli_church_of_beogh, uniq_maurice,
          uniq_joseph, uniq_gastronok
D:9:      layout_cross, nemelex_diamond_rough_becter, okawaru_ov_weapons_minmay,
          erik_lair_island, uniq_pikel
D:10:     minmay_cornered_nines, layout_loops_ring,
          mainiacjoe_overflow_brackets, nicolae_overflow_hidden_temple,
          serial_bayou_pond_b, kennysheep_pointless_box, minmay_misc_feat_roman,
          minivault_19, nicolae_wwwww
D:11:     layout_basic, nicolae_wu_jian_immortal_techniques
D:12:     layout_loops_cross, minmay_misc_feat_diagonals
D:13:     minmay_bubble_buster, layout_stronghold, uniq_erolcha
D:14:     layout_basic, david_vaults_2, chequers_serial_rivers_micro_d
Temple:   dshaligram_water_room_temple
Lair:1:   layout_cave_pods, serial_forest, infiniplex_forest_lined_corner,
          infiniplex_forest_clump_small, infiniplex_forest_straight_2,
          infiniplex_forest_lined_room_2, infiniplex_forest_join,
          infiniplex_forest_lined_room_2, infiniplex_forest_straight_5,
          lemuel_fruit_fields
Lair:2:   lemuel_ratsnest, layout_hall_layers, palyth_hydra_swamp_entry,
          serial_rivers, chequers_serial_rivers_micro_c,
          chequers_serial_rivers_small_b, chequers_serial_rivers_large_a,
          chequers_serial_rivers_micro_a, chequers_serial_rivers_small_b,
          st_stairs_13
Lair:3:   layout_gridlike, nicolae_spider_entry_orb_guardian,
          grunt_forest_small_clearing_treed
Lair:4:   gammafunk_lair_enchanted_lake, layout_gridlike, beast_lair_carwin_3
Lair:5:   hellmonk_lair_end_abyssal_woods, layout_long_grid,
          minmay_slime_entry_oklob_enclosed, st_stairs_7,
          chequers_serial_rivers_small_b, serial_bayou_lagoon_a,
          grunt_forest_stairs_basic
Spider:1: cheibrodos_forgotten_conduit
Orc:1:    layout_caves, gammafunk_ghost_smash, serial_shops, shop,
          uniq_josephine, uniq_harold
Orc:2:    st_orc_mages, layout_caves

Skill      XL: |  1  2  3  4  5  6  7  8  9 10 11 12 13 14 15 16 |
---------------+-------------------------------------------------+-----
Axes           | 3 4 5 6 8 10 12 14 16 17 18 19 | 19.8
Fighting       | 4 5 6 7 8 10 12 13 14 16 | 16.4
Armour         | 4 5 6 7 8 9 |  9.0
Dodging        | 1 2 3 4 5 6 7 8 9 |  9.1
Shields        | 4 5 6 7 8 9 10 11 | 11.5
Stealth        | 1 2 3 4 5 6 7 |  7.2
Throwing       | 1 |  1.4
Invocations    | 3 7 10 | 10.6
Maces & Flails | 3 |  3.4

Action                   |  1- 3 |  4- 6 |  7- 9 | 10-12 | 13-15 | 16-18 || total
-------------------------+-------+-------+-------+-------+-------+-------++-------
Melee: War axe           |   183 |   162 |   202 |   478 |   779 |    65 ||  1869
       Morningstar       |       |       |       |       |    31 |       ||    31
Throw: Dart              |       |       |     3 |     5 |       |       ||     8
Invok: Ancestor Life: Ba |       |       |       |     1 |       |       ||     1
       Recall Ancestor   |       |       |       |       |     2 |       ||     2
       Idealise          |       |       |       |       |     1 |       ||     1
  Use: Potion            |       |     1 |       |     5 |     4 |       ||    10
       Scroll            |       |       |    24 |    13 |    10 |       ||    47
 Stab: Sleeping          |       |       |       |     2 |     7 |       ||     9
       Distracted        |       |       |       |     6 |    13 |     2 ||    21
Armor: Scale mail        |    61 |    86 |       |       |       |       ||   147
       Ring mail         |       |     8 |    36 |       |       |       ||    44
       Acid dragon scale |       |       |    27 |       |       |       ||    27
       Troll leather arm |       |       |     7 |   132 |   262 |    48 ||   449
Dodge: Dodged            |    64 |    93 |    85 |   213 |   393 |    57 ||   905
Block: Buckler           |    40 |    46 |    63 |   131 |   317 |    37 ||   634
